 Dungeon Crawl Stone Soup version bcrawl-1.12-11-gb93c957c58 (webtiles) character file.

Game seed: 13754400867339602871

57 Hercules1031 the Ducker (level 4, -13/37 HPs)
             Began as a Hill Orc Archaeologist on June 30, 2019.
             Mangled by an ogre
             ... wielding a +0 giant club
              (25 damage)
             ... on level 2 of the Dungeon.
             The game lasted 00:03:33 (1252 turns).

Hercules1031 the Ducker (Hill Orc Archaeologist)    Turns: 1252, Time: 00:03:34

Health: -13/37     AC:  8    Str: 14    XL:     4   Next: 0%
Magic:  4/4        EV: 12    Int: 14    God:
Gold:   56         SH:  0    Dex:  9    Spells: 3/3 levels left

rFire    . . .     SeeInvis .   l - +0 short sword
rCold    . . .     Gourm    .   (no shield)
rNeg     . . .     Faith    .   a - +1 robe
rPois    .         Spirit   .   b - +1 hat
rElec    .         Reflect  .   (no cloak)
rCorr    .         Harm     .   d - +1 pair of gloves
MR       .....                  c - +1 pair of boots
Stlth    ++........             (no amulet)
HPRegen  0.12/turn              (no ring)
MPRegen  0.09/turn              (no ring)

@: hasted, studying Fighting, very quick
A: no striking features
a: no special abilities


You were on level 2 of the Dungeon.
You were not hungry.

You visited 1 branch of the dungeon, and saw 2 of its levels.

You collected 56 gold pieces.

Inventory:

Hand Weapons
 l - a +0 short sword (weapon)
 p - a cursed -1 dagger
Armour
 a - a +1 robe (worn)
 b - a +1 hat (worn)
 c - a +1 pair of boots (worn)
 d - a +1 pair of gloves (worn)
Jewellery
 n - an uncursed ring of wizardry
Potions
 h - a potion of magic {unknown}
 i - a potion of haste
 k - a potion of agility {unknown}
 o - a potion of invisibility {unknown}
 q - a potion of mutation {unknown}
Books
 e - a manual of Fighting
Miscellaneous
 f - an ancient crate
Comestibles
 g - 2 rations {!d}
 j - 3 chunks of flesh


   Skills:
 * Level 2.4 Fighting
   Level 2.4 Short Blades
   Level 2.4 Long Blades
   Level 2.4 Axes
   Level 2.4 Maces & Flails
   Level 2.4 Polearms
   Level 2.4 Staves
 + Level 1.6 Armour
 + Level 2.8 Dodging
 - Level 2.6 Stealth
   Level 2.4 Unarmed Combat


You had 3 spell levels left.
You didn't know any spells.
Your spell library was empty.

Dungeon Overview and Level Annotations

Branches:
Dungeon (2/12)

Altars:

Annotations:
D:2 Jessica


Message History

* * * LOW HITPOINT WARNING * * *
Unknown command.
It was a potion of haste.
You feel yourself speed up. Jessica barely misses you.
It was a potion of curing.
You feel better. The ogre barely misses you.
Jessica gestures wildly while chanting.
Jessica blinks!
You feel better.
You hit the ogre but do no damage.
The ogre is lightly wounded.
The ogre barely misses you. Jessica gestures at you while chanting.
Pain shoots through your body!
You hit the ogre.
The ogre is moderately wounded.
You hit the ogre.
The ogre is moderately wounded.
The ogre hits you with a +0 giant club!!
Ouch! That really hurt!
You die...

.. #.....................# ..
#.....##.#............#
...#.....................########
...#...........####.......)......
#..............##################
#......................#
#......#...............#
#..........†.....O.....#
#...........#...@......#
............#.......@..#
#####.....†.#..........#
....#...#+##......####
###+#.......$.....#
...............#
..............###
.......#.#....## ....... #.l.##


You could see an ogre and Jessica.

Vanquished Creatures
  3 gnolls (D:2)
  2 dart slugs
  A leopard gecko (D:1)
  6 hobgoblins
  4 kobolds (D:1)
  6 bats (D:1)
  3 frilled lizards
  2 rats (D:1)
27 creatures vanquished.

Notes
Turn   | Place    | Note
-------+----------+-------------------------------------------
     0 | D:1      | Hercules1031 the Hill Orc Archaeologist began the quest for
                  | the Orb.
     0 | D:1      | Reached XP level 1. HP: 15/15 MP: 1/1
    70 | D:1      | Reached skill level 1 in Fighting
   161 | D:1      | Reached XP level 2. HP: 16/23 MP: 2/2
   317 | D:1      | Reached skill level 1 in Armour
  1085 | D:2      | Reached XP level 3. HP: 23/29 MP: 3/3
  1219 | D:2      | Reached XP level 4. HP: 31/37 MP: 4/4
  1236 | D:2      | Noticed an ogre
  1237 | D:2      | Noticed Jessica
  1252 | D:2      | Mangled by an ogre

Skill      XL: |  1  2  3 |
---------------+----------+-----
Fighting       | 1 2 |  2.4
Armour         | 1 |  1.6
Short Blades   | |  2.4
Long Blades    | |  2.4
Axes           | |  2.4
Maces & Flails | |  2.4
Polearms       | |  2.4
Staves         | |  2.4
Dodging        | |  2.8
Stealth        | |  2.6
Unarmed Combat | |  2.4

Action                   |  1- 3 |  4- 6 || total
-------------------------+-------+-------++-------
Melee: Unarmed           |    30 |       ||    30
       Short sword       |    99 |     9 ||   108
       Punch             |     2 |       ||     2
  Use: Scroll            |     3 |     1 ||     4
       Potion            |       |     3 ||     3
 Stab: Sleeping          |     5 |       ||     5
  Eat: Chunk             |     1 |       ||     1
Armor: Robe              |    60 |       ||    60
Dodge: Dodged            |    73 |     6 ||    79
